General information
- name: BNet
- type: Ladder team game (AT/RT)
- host: Battle.net
- saver: GayTiMe.WeRRa
map: TwistedMeadows
- players: 4
- length: 16:48
- speed: Fast
- version: 1.24 W3XP
- replay type: Public
» download(126 KB)
Players
team 1 (winner)
CoLeGePaRtYeR17 (
blue | 92 APM | 1545 actions | 16:47)
4 Archmage
2 Summon Water Elemental
2 Brilliance Aura
3 Mountain King
2 Storm Bolt
1 Thunder Clap
3 Paladin
2 Holy Light
1 Divine Shield
» actions
| Assign group hotkey | 59 | |
| Basic commands | 73 | |
| Build / train | 62 | |
| ESC pressed | 2 | |
| Enter build submenu | 17 | |
| Enter hero's abilities submenu | 10 | |
| Give item / drop item | 1 | |
| Remove unit from queue | 1 | |
| Right click | 703 | |
| Select / deselect | 367 | |
| Select group hotkey | 178 | |
| Use ability | 72 | |
1545 total
» units
| Peasant | 10 | |
| Footman | 10 | |
| Knight | 6 | |
| Priest | 5 | |
31 total
» upgrades
| Defend | 1 | |
| Masonry | 3 | |
| Plating | 3 | |
| Long Rifles | 1 | |
| Priest Training | 2 | |
| Animal War Training | 1 | |
| Swords | 0 | |
11 total
» buildings
| Altar of Kings | 1 | |
| Barracks | 1 | |
| Farm | 7 | |
| Scout Tower | 1 | |
| Arcane Tower | 1 | |
| Arcane Vault | 1 | |
| Keep | 1 | |
| Lumber Mill | 1 | |
| Castle | 1 | |
| Blacksmith | 1 | |
| Arcane Sanctum | 1 | |
17 total
» build order
00:07 Altar of Kings
00:11 Barracks
00:28 Farm
00:52 Farm
01:28 Farm
01:51 Scout Tower
02:39 Arcane Tower
03:03 Farm
03:24 Arcane Vault
04:27 Keep
05:34 Farm
05:35 Farm
05:38 Lumber Mill
06:51 Castle
06:53 Blacksmith
08:05 Arcane Sanctum
09:35 Farm
» items
| Scroll of Regeneration | 1 | |
| Staff of Sanctuary | 1 | |
2 total
GayTiMe.WeRRa (
teal | 126 APM | 2126 actions | 16:48)
5 Tauren Chieftain
3 War Stomp
2 Endurance Aura
3 Shadow Hunter
2 Hex
1 Healing Wave
» actions
| Assign group hotkey | 35 | |
| Basic commands | 154 | |
| Build / train | 57 | |
| Enter build submenu | 8 | |
| Enter hero's abilities submenu | 8 | |
| Give item / drop item | 1 | |
| Right click | 851 | |
| Select / deselect | 606 | |
| Select group hotkey | 348 | |
| Use ability | 58 | |
2126 total
» units
| Peon | 6 | |
| Troll Headhunter/Berserker | 22 | |
28 total
» upgrades
| Ranged Weapons | 3 | |
| Armor | 3 | |
| Troll Regeneration | 1 | |
| Berserker Upgrade | 1 | |
| Reinforced Defenses | 1 | |
9 total
» buildings
| Altar of Storms | 1 | |
| Orc Burrow | 4 | |
| War Mill | 1 | |
| Barracks | 1 | |
| Voodoo Lounge | 1 | |
| Stronghold | 1 | |
| Fortress | 1 | |
10 total
» build order
00:04 Altar of Storms
00:06 Orc Burrow
00:25 War Mill
01:12 Barracks
01:50 Orc Burrow
02:17 Voodoo Lounge
04:38 Stronghold
04:51 Orc Burrow
06:34 Orc Burrow
08:14 Fortress
» items
| Healing Salve | 2 | |
| Lesser Clarity Potion | 6 | |
8 total
team 2 (loser)
DmB.2-08 (
red | 169 APM | 2839 actions | 16:47)
4 Death Knight
2 Death Coil
2 Unholy Aura
2 Lich
1 Frost Nova
1 Frost Armor
» actions
| Assign group hotkey | 34 | |
| Basic commands | 127 | |
| Build / train | 45 | |
| Enter build submenu | 11 | |
| Enter hero's abilities submenu | 6 | |
| Give item / drop item | 2 | |
| Right click | 923 | |
| Select / deselect | 583 | |
| Select group hotkey | 1036 | |
| Use ability | 72 | |
2839 total
» units
| Acolyte | 3 | |
| Ghoul | 2 | |
| Crypt Fiend | 10 | |
| Obsidian Statue | 2 | |
| Meatwagon | 2 | |
19 total
» upgrades
» buildings
| Graveyard | 1 | |
| Crypt | 1 | |
| Altar of Darkness | 1 | |
| Ziggurat | 6 | |
| Tomb of Relics | 1 | |
| Nerubian Tower | 1 | |
| Halls of the Dead | 3 | |
| Slaughterhouse | 1 | |
| Black Citadel | 3 | |
18 total
» build order
00:08 Graveyard
00:11 Crypt
00:30 Altar of Darkness
00:48 Ziggurat
01:18 Tomb of Relics
01:50 Ziggurat
04:01 Nerubian Tower
05:01 Halls of the Dead
05:01 Halls of the Dead
05:15 Ziggurat
07:30 Slaughterhouse
08:56 Ziggurat
12:01 Black Citadel
12:01 Black Citadel
12:01 Black Citadel
13:29 Ziggurat
14:18 Ziggurat
» items
| Rod of Necromancy | 2 | |
| Potion of Healing | 2 | |
| Scroll of Healing | 1 | |
| Scroll of Protection | 1 | |
| Potion of Lesser Invulnerability | 1 | |
| Orb of Corruption | 1 | |
8 total
goodbeer (
orange | 190 APM | 3186 actions | 16:43)
3 Blademaster
2 Wind Walk
1 Critical Strike
3 Tauren Chieftain
2 War Stomp
1 Endurance Aura
» actions
| Assign group hotkey | 948 | |
| Basic commands | 104 | |
| Build / train | 64 | |
| ESC pressed | 1 | |
| Enter build submenu | 14 | |
| Enter hero's abilities submenu | 6 | |
| Give item / drop item | 2 | |
| Right click | 1008 | |
| Select / deselect | 374 | |
| Select group hotkey | 502 | |
| Use ability | 163 | |
3186 total
» units
» upgrades
» buildings
| Altar of Storms | 1 | |
| Orc Burrow | 6 | |
| Voodoo Lounge | 2 | |
| Stronghold | 4 | |
| War Mill | 1 | |
| Beastiary | 2 | |
| Great Hall | 2 | |
18 total
» build order
00:08 Altar of Storms
00:17 Orc Burrow
01:13 Voodoo Lounge
02:09 Stronghold
02:09 Stronghold
02:09 Stronghold
02:19 War Mill
02:23 Orc Burrow
03:19 Orc Burrow
04:44 Beastiary
04:45 Beastiary
06:54 Voodoo Lounge
06:57 Orc Burrow
07:48 Orc Burrow
09:13 Great Hall
12:32 Great Hall
12:51 Orc Burrow
» items
| Lesser Clarity Potion | 3 | |
| Healing Salve | 8 | |
| Boots of Speed | 1 | |
| Potion of Mana | 2 | |
| Potion of Healing | 1 | |
| Scroll of Speed | 1 | |
| Scroll of Town Portal | 1 | |
17 total
Chat log
(02:28 / All) GayTiMe.WeRRa: not even gonna hide u blatant maphack?
(02:32 / All) GayTiMe.WeRRa: nice
(05:37 / All) GayTiMe.WeRRa: man uw atch too many grubby replays
(05:39 / All) GayTiMe.WeRRa: back the fuck up oj
(15:14 / All) GayTiMe.WeRRa: idiot
(15:30 / All) GayTiMe.WeRRa: idiots
(15:38 / All) DmB.2-08: рот закрой
(15:43 / All) GayTiMe.WeRRa: go back to class
(16:12 / All) GayTiMe.WeRRa: u cant play dis game